 Dungeon Crawl Stone Soup version 0.28-a0-1629-gf728b707aa (webtiles) character file.

Game seed: 10762148564491328359

587 hatsuma the Magician (level 7, -1/38 HPs)
             Began as a Deep Elf Conjurer on Jan 23, 2022.
             Slain by a hound (3 damage)
             ... while paralysed by a hornet
             ... on level 4 of the Dungeon on Jan 25, 2022.
             The game lasted 00:48:36 (6012 turns).

hatsuma the Magician (Deep Elf Conjurer)            Turns: 6012, Time: 00:48:38

Health: -1/38      AC:  6    Str:  4    XL:     7   Next: 15%
Magic:  24/28      EV:  2    Int: 25    God:
Gold:   287        SH:  0    Dex: 13    Spells: 11/19 levels left

rFire   . . .      SeeInvis .   i - staff of death
rCold   . . .      Faith    .   b - orb {*channel}
rNeg    + . .      Spirit   .   d - +0 robe
rPois   .          Reflect  .   (no helmet)
rElec   .          Harm     .   u - +2 cloak
rCorr   .          Rampage  .   (no gloves)
Will    .....                   j - +0 pair of boots
Stlth   ++........              (no amulet)
HPRegen 0.12/turn               q - ring of magical power
MPRegen 0.21/turn               (no ring)

@: paralysed, lethally poisoned (-1 -> -6), slowed
A: no striking features
a: no special abilities


You were on level 4 of the Dungeon.
You visited 1 branch of the dungeon, and saw 5 of its levels.

You collected 287 gold pieces.

Inventory:

Hand Weapons
 a - a +0 dagger of venom
Armour
 b - an orb of energy (worn)
 d - a +0 robe (worn)
 j - a +0 pair of boots (worn)
 u - a +2 cloak (worn)
Magical Staves
 i - a staff of death (weapon)
Jewellery
 q - a ring of magical power (left hand)
Wands
 s - a wand of paralysis (5)
 t - a wand of digging (4)
Scrolls
 c - 2 scrolls of enchant weapon
 f - a scroll of fear
 g - 4 scrolls of summoning
 k - 2 scrolls of immolation
 l - a scroll of holy word {unknown}
 n - a scroll of fog {unknown}
 o - 3 scrolls of teleportation {unknown}
Potions
 e - 2 potions of lignification
 h - a potion of flight {unknown}
 m - 2 potions of heal wounds
 r - a potion of resistance {unknown}


   Skills:
 - Level 1.0 Fighting
 - Level 2.0 Short Blades
 - Level 2.4 Dodging
 - Level 2.4 Stealth
 - Level 6.7 Spellcasting
 - Level 4.3 Conjurations
 + Level 0.5 Hexes
 - Level 1.2 Necromancy
 - Level 2.8 Transmutations
 - Level 4.2 Earth Magic
 - Level 1.1 Evocations


You had 11 spell levels left.
You knew the following spells:

 Your Spells              Type           Power      Damage    Failure   Level
a - Magic Dart            Conj           100%       1d8       1%          1
b - Searing Ray           Conj           60%        2d6       1%          2
c - Passwall              Tmut/Erth      21%        N/A       2%          2
d - Stone Arrow           Conj/Erth      60%        3d10      3%          3

Your spell library contained the following spells:

 Spells                   Type           Power      Damage    Failure   Level
 Sandblast                Erth           58%        2d13      1%          1
 Dazzling Flash           Conj/Hex       40%        N/A       8%          3
 Gell's Gravitas          Tloc           8%         N/A       21%         3
 Lesser Beckoning         Tloc           8%         N/A       21%         3
 Teleport Other           Tloc           8%         N/A       21%         3
 Fulminant Prism          Conj/Hex       10%        3d9       26%         4
 Iskenderun's Mystic Bla  Conj/Tloc      19%        2d6       28%         4


Dungeon Overview and Level Annotations

Branches:
Dungeon (5/15)
 Temple: D:4-7

Altars:
Dithmenos

Shops:
D:3 [=**:   D:4 (

Annotations:
D:2 Sigmund, Terence


Message History

A yak comes into view. x2
You hear an angry buzzing noise.
A hornet comes into view.
The hornet buzzes angrily.
A yak comes into view.
The hound bites you but does no damage. The hound bites you but does no damage.
There is a stone staircase leading up here.
The hornet barely misses you. The hound bites you but does no damage.
The hornet barely misses you. The hound misses you.
You climb upwards.
There is a stone staircase leading down here.
Casting: Searing Ray (safe; 1% risk of failure)
Confirm with . or Enter, or press ? or * to list all spells.
Aiming: Searing Ray (safe; 1% risk of failure)
Press: ? - help, Shift-Dir - straight line, f - hornet
Aim: a hornet (69% to hit)
The searing ray hits the hornet.
The hornet is lightly wounded. (Press . to maintain the ray.)
The hornet barely misses you. The hound barely misses you.
The searing ray misses the hornet.
The hornet stings you.
You are poisoned.
You feel yourself slow down. The hound bites you.
The hornet completely misses you. The hound barely misses you.
The searing ray hits the hornet but does no damage.
The hornet is lightly wounded.
You feel very sick. The hornet closely misses you.
The hound bites you but does no damage. The hornet stings you!
You feel as though you will be slow longer.
The hound misses you.
The searing ray hits the hornet.
The hornet is moderately wounded.
You finish channelling your searing ray.
You feel very sick. The hornet stings you!
* * * LOW HITPOINT WARNING * * *
You suddenly lose the ability to move!
The hound bites you.
You die...

...#........###.............###
...#........##..##............#
...............###.........#.##
..........).....##...#..#...##
..<...........####...##.#...##
....O........###.....##.##...#
.............###........##...#
...[..........#hy.......##.###
................@#..........#
.......##...#...##.##.......#
.......##...#...##.......#..###
.......###....#..#.......#....##
........#.....#...#..###.##....##
..#.......[...#..................
..#..........##.....##...........
..##....#.....#.....###..........
..##....##..##......# ##....###.#


You could see a hornet and a hound.

Vanquished Creatures
  An ice beast (D:3)
  2 scorpions (D:5)
  A water moccasin skeleton (D:5)
  A howler monkey (D:4)
  A centaur zombie (D:5)
  A gnoll shaman (D:4)
  2 hounds (D:5)
  Robin (D:2)
  3 gnolls
  3 adders
  An adder skeleton (D:4)
  A dart slug (D:3)
  3 orcs (D:5)
  9 ball pythons
  6 bats
  5 endoplasms
  7 giant cockroaches
  14 goblins
  11 hobgoblins
  4 jackals (D:5)
  11 kobolds
  3 quokkas
  2 frilled lizards (D:1)
  4 rats
97 creatures vanquished.

Notes
Turn   | Place    | Note
-------+----------+-------------------------------------------
     0 | D:1      | hatsuma the Deep Elf Conjurer began the quest for the Orb.
     0 | D:1      | Reached XP level 1. HP: 10/10 MP: 6/6
   104 | D:1      | Reached skill level 1 in Fighting
   199 | D:1      | Reached XP level 2. HP: 16/16 MP: 4/8
   246 | D:1      | Reached skill level 1 in Short Blades
   325 | D:1      | Learned a level 2 spell: Searing Ray
   693 | D:1      | Learned a level 2 spell: Passwall
   839 | D:1      | Reached XP level 3. HP: 20/20 MP: 1/9
   976 | D:1      | Found a faded altar of an unknown god.
   980 | D:1      | Reached skill level 1 in Transmutations
  1171 | D:1      | You fall into a shaft and drop 1 floor!
  1245 | D:2      | Noticed Sigmund
  1615 | D:2      | Noticed Robin
  1626 | D:1      | Reached skill level 1 in Earth Magic
  2256 | D:2      | Reached XP level 4. HP: 25/25 MP: 2/10
  2350 | D:2      | Noticed Terence
  2479 | D:2      | Killed Robin
  2483 | D:2      | Reached skill level 1 in Evocations
  2939 | D:3      | Found Fosygemeeh's General Store.
  2947 | D:3      | Found Qeataiha's Jewellery Shoppe.
  3090 | D:3      | Noticed an ice beast
  3104 | D:3      | Killed an ice beast
  3105 | D:3      | Reached skill level 5 in Spellcasting
  3105 | D:3      | Reached XP level 5. HP: 29/29 MP: 2/14
  3203 | D:3      | Learned a level 3 spell: Stone Arrow
  3390 | D:3      | Found Huclois's Antique Armour Emporium.
  3433 | D:3      | Reached skill level 1 in Necromancy
  3468 | D:3      | Found Elemaplu's Book Emporium.
  3475 | D:3      | Upgraded the game from 0.28-a0-1624-g820543e53a to
                  | 0.28-a0-1629-gf728b707aa
  3553 | D:3      | Identified the +6 leather armour of Avant Garde Wonder
                  | {Str+5 SInv}
  3737 | D:3      | Found Sanon's General Store.
  3856 | D:4      | Identified the +1 spear of the Ageless Suns {flame, Drain
                  | rElec rN+ Str+9}
  3891 | D:4      | Found Gulujy's Weapon Emporium.
  3986 | D:4      | Noticed an ogre
  4917 | D:4      | Reached XP level 6. HP: 34/34 MP: 15/15
  5146 | D:5      | Entered Level 5 of the Dungeon
  5277 | D:5      | Reached skill level 6 in Spellcasting
  5279 | D:5      | Reached XP level 7. HP: 11/38 MP: 11/18
  5823 | D:5      | Found a shadowy altar of Dithmenos.
  5829 | D:5      | Noticed a yak
  5995 | D:5      | Noticed a yak
  5995 | D:5      | Noticed a yak
  5997 | D:5      | Noticed a hornet
  6003 | D:5      | Noticed a yak
  6012 | D:4      | Paralysed by a hornet for 2 turns
  6012 | D:4      | Slain by a hound

Illustrated notes

Levels and vault maps discovered:
D:1:      sevenhm_arrival_forest_fort_large_3, layout_loops_ring,
          hellmonk_ecumenical_altar_prayer_group, st_stairs_3
D:2:      layout_basic, uniq_sigmund, uniq_terence, uniq_robin
D:3:      layout_basic, serial_shops, shop, shop, shop_fountains, shop,
          nicolae_shop_behind_doors, kennysheep_generic_room_6
D:4:      layout_cave_pools, serial_shops, nicolae_shop_bloodbath_and_beyond
D:5:      layout_cave_pools, kennysheep_mini

Skill      XL: |  1  2  3  4  5  6 |
---------------+-------------------+-----
Fighting       | 1 |  1.0
Short Blades   | 2 |  2.0
Transmutations | 1 2 |  2.8
Earth Magic    | 2 4 |  4.2
Evocations     | 1 |  1.1
Spellcasting   | 5 6 |  6.7
Necromancy     | 1 |  1.2
Dodging        | |  2.4
Stealth        | |  2.4
Conjurations   | |  4.3
Hexes          | |  0.5

Action                   |  1- 3 |  4- 6 |  7- 9 || total
-------------------------+-------+-------+-------++-------
Melee: Dagger            |    29 |    11 |       ||    40
       Staff             |       |    73 |    11 ||    84
 Cast: Magic Dart        |    41 |    23 |     2 ||    66
       Searing Ray       |     8 |    17 |     6 ||    31
       Passwall          |       |     1 |       ||     1
       Stone Arrow       |       |     3 |       ||     3
  Use: Scroll            |     3 |     2 |     1 ||     6
 Stab: Sleeping          |     2 |     2 |     1 ||     5
       Distracted        |       |     1 |       ||     1
Armor: Robe              |     6 |    26 |    12 ||    44
Dodge: Dodged            |    24 |    81 |    24 ||   129

Table legend: (Time is in decaauts)
 A = Elapsed time spent in this place.
 B = Non-inter-level travel time spent in this place.
 C = Inter-level travel time spent in this place.
 D = Time resting spent in this place.
 E = Time spent auto-exploring this place.
 F = Levels seen in this place.
 G = Mean time per level.
                   A        B        C        D        E       F      G
               +--------+--------+--------+--------+--------+-----+--------+
         Total |   6032 |   5295 |    737 |   1552 |   2093 |   5 | 1206.4 |
       Dungeon |   6032 |   5295 |    737 |   1552 |   2093 |   5 | 1206.4 |
               +--------+--------+--------+--------+--------+-----+--------+

Top non-repeatable levels by time:
     D:1: 1561 daAuts
     D:3: 1477 daAuts
     D:2: 1310 daAuts
     D:5: 864 daAuts
     D:4: 818 daAuts
